 Dungeon Crawl Stone Soup version 0.29.1-15-g9cfb28693d (webtiles) character file.

Game seed: 4986644768046487209

42710 devnull the Impaler (level 14, -11/118 HPs)
             Began as a Merfolk Gladiator on Apr 2, 2023.
             Was a High Priest of Zin.
             Mangled by a dream sheep (26 damage)
             ... on level 4 of the Lair of Beasts on Apr 8, 2023.
             The game lasted 01:11:42 (18581 turns).

devnull the Impaler (Merfolk Gladiator)            Turns: 18581, Time: 01:11:42

Health: -11/118    AC: 16    Str: 19    XL:     14   Next: 21%
Magic:  22/22      EV:  2    Int:  5    God:    Zin [*****.]
Gold:   1139       SH:  0    Dex: 21    Spells: 13/13 levels left

rFire   . . .      SeeInvis .   b - +2 trident (flame)
rCold   + . .      Faith    .   (no shield)
rNeg    + . .      Spirit   .   c - +0 troll leather armour
rPois   .          Reflect  .   L - +2 hat of Dust Devil {Rampage rElec rC+}
rElec   +          Harm     .   g - +1 cloak
rCorr   .          Rampage  +   l - +2 pair of gloves
Will    +....                   M - +0 pair of boots
Stlth   ++........              x - amulet of the acrobat
HPRegen 1.09/turn               N - ring "Xateifrot" {rElec rN+ Int-3 Dex+6}
MPRegen 0.18/turn               I - +4 ring of protection

@: about to teleport, sleeping, studying Shields
A: (nimble swimmer 2), mertail
a: Renounce Religion, Recite, Vitalisation, Imprison, Sanctuary, Donate Gold


You were on level 4 of the Lair of Beasts.
You worshipped Zin.
Zin was extremely pleased with you.
You visited 3 branches of the dungeon, and saw 17 of its levels.
You also visited: Ossuary and Gauntlet.

You collected 1265 gold pieces.
You donated 126 gold pieces to Zin.

Inventory:

Hand Weapons
 a - a +4 halberd of freezing
 b - a +2 trident of flaming (weapon)
Missiles
 d - 4 throwing nets
 e - 21 javelins (quivered)
 j - 11 poisoned darts
 z - 2 curare-tipped darts
 S - 5 atropa-tipped darts
 V - 3 boomerangs of dispersal
Armour
 c - a +0 troll leather armour (worn)
 g - a +1 cloak (worn)
 l - a +2 pair of gloves (worn)
 u - the +3 warlock's mirror {reflect}
   (You found it on level 3 of the Lair of Beasts)

   It can block and reflect piercing ranged attacks and magical attacks against
   the wielder's willpower.
 K - a +2 robe of resistance
 L - the +2 hat of Dust Devil (worn) {Rampage rElec rC+}
   (You acquired it on level 2 of the Lair of Beasts)

   rC:        It protects you from cold.
   rElec:     It insulates you from electricity.
   Rampage:   It bestows one free step when moving towards enemies.
 M - a +0 pair of boots (worn)
 Y - the -1 helmet of Guasocle {rF++ rN+}
   (You found it in a Gauntlet)

   rF:        It greatly protects you from fire.
   rN:        It protects you from negative energy.
Jewellery
 x - an amulet of the acrobat (around neck)
 A - a +6 ring of dexterity
 I - a +4 ring of protection (right hand)
 N - the ring "Xateifrot" (left hand) {rElec rN+ Int-3 Dex+6}
   (You found it on level 9 of the Dungeon)

   [ring of dexterity]

   Int:       It affects your intelligence (-3).
   Dex:       It affects your dexterity (+6).
   rElec:     It insulates you from electricity.
   rN:        It protects you from negative energy.
 U - a ring of see invisible
 W - the amulet "Qytaor" {Acrobat rF+ rC- rCorr Int+3, @P1 @R1}
   (You found it in a Gauntlet)

   [amulet of the acrobat]

   It increases your evasion while moving and waiting.
   Int:       It affects your intelligence (+3).
   rF:        It protects you from fire.
   rC:        It makes you vulnerable to cold.
   rCorr:     It protects you from acid and corrosion.
Wands
 w - a wand of iceblast (26)
 y - a wand of digging (6)
 D - a wand of flame (7)
 Q - a wand of mindburst (12)
 Z - a wand of quicksilver (5)
Scrolls
 f - 6 scrolls of butterflies
 k - 2 scrolls of identify
 n - 5 scrolls of teleportation
 p - 4 scrolls of poison
 s - a scroll of blinking
 t - 3 scrolls of brand weapon
 v - 2 scrolls of summoning
 G - 3 scrolls of enchant weapon
 J - a scroll of amnesia
 P - a scroll of acquirement
 T - a scroll of immolation
 X - 2 scrolls of fear
Potions
 h - 4 potions of heal wounds
 i - 3 potions of haste
 m - 5 potions of attraction
 o - 6 potions of flight
 q - 11 potions of curing
 r - 2 potions of resistance
 B - 4 potions of might
 C - 3 potions of mutation
 E - 3 potions of berserk rage {unknown}
 F - 2 potions of cancellation {unknown}
 H - a potion of ambrosia {unknown}
Miscellaneous
 O - a phial of floods


   Skills:
 - Level 13.0 Fighting
 + Level 19.9 Polearms
 - Level 2.0 Throwing
 - Level 13.8 Dodging
 - Level 2.2 Stealth
 - Level 11.6 Invocations


You had 13 spell levels left.
You didn't know any spells.
Your spell library contained the following spells:

 Spells                   Type           Power      Damage    Failure   Level
 Beastly Appendage        Tmut           0%         N/A       54%         1
 Shock                    Conj/Air       0%         1d3       54%         1
 Sting                    Tmut/Pois      0%         1d3       54%         1
 Poisonous Vapours        Pois/Air       0%         N/A       67%         2
 Wereblood                Tmut           0%         N/A       67%         2
 Frozen Ramparts          Ice            0%         1d1       88%         3
 Gell's Gravitas          Tloc           0%         N/A       88%         3
 Ignite Poison            Fire/Tmut/Pois 0%         N/A       88%         3
 Mephitic Cloud           Conj/Pois/Air  0%         N/A       88%         3
 Spider Form              Tmut/Pois      0%         N/A       88%         3
 Swiftness                Air            0%         N/A       88%         3
 Teleport Other           Tloc           0%         N/A       88%         3
 Airstrike                Air            0%         2d(0-16)  99%         4
 Animate Armour           Summ/Erth      0%         N/A       99%         4
 Ice Form                 Ice/Tmut       0%         N/A       99%         4
 Leda's Liquefaction      Hex/Erth       0%         N/A       99%         4
 Olgreb's Toxic Radiance  Pois           0%         N/A       99%         4
 Summon Ice Beast         Ice/Summ       0%         N/A       99%         4
 Blade Hands              Tmut           0%         N/A       100%        5
 Freezing Cloud           Conj/Ice/Air   0%         6-21      100%        5
 Lee's Rapid Deconstruct  Erth           0%         3d5*      100%        5
 Dispersal                Tloc           0%         N/A       100%        6
 Iron Shot                Conj/Erth      0%         9d1       100%        6
 Statue Form              Tmut/Erth      0%         N/A       100%        6


Dungeon Overview and Level Annotations

Branches:
Dungeon (11/15)            Temple (1/1) D:6            Lair (5/5) D:10
 Shoals (0/4) Lair:3        Snake (0/4) Lair:2          Orc (0/2) D:10
Ossuary (visited)         Gauntlet (visited)
  Slime: Lair:4-5

Altars:
Ashenzari
Cheibriados
Dithmenos
Elyvilon
Fedhas
Gozag
Hepliaklqana
Kikubaaqudgha
Makhleb
Nemelex Xobeh
Okawaru
Qazlal
Ru
Sif Muna
Trog
Uskayaw
Vehumet
Wu Jian
Xom
Yredelemnul
Zin
The Shining One


Innate Abilities, Weirdness & Mutations

((You are very nimble when in or above water. (Stealth+, EV+, Speed+++)))
Your lower body shifts to a powerful aquatic tail in water.


Message History

* * * LOW HITPOINT WARNING * * *
The dream sheep bites you but does no damage.
The basilisk bites you!
* * * LOW HITPOINT WARNING * * *
The dream sheep bites you but does no damage. x3
The dream sheep bites you.
* * * LOW HITPOINT WARNING * * *
The basilisk bites you.
* * * LOW HITPOINT WARNING * * *
The dream sheep bites you!
* * * LOW HITPOINT WARNING * * *
The dream sheep bites you but does no damage. x3
The basilisk bites you.
* * * LOW HITPOINT WARNING * * *
The dream sheep bites you.
* * * LOW HITPOINT WARNING * * *
The dream sheep bites you but does no damage.
The dream sheep bites you.
* * * LOW HITPOINT WARNING * * *
The dream sheep bites you.
* * * LOW HITPOINT WARNING * * *
The basilisk bites you!
* * * LOW HITPOINT WARNING * * *
The dream sheep bites you but does no damage.
The dream sheep bites you.
* * * LOW HITPOINT WARNING * * *
The dream sheep completely misses you. The dream sheep bites you.
* * * LOW HITPOINT WARNING * * *
You turn to flesh and can move again.
There is a stone staircase leading down here.
Unknown command.
Unknown command.
Unknown command.
Unknown command.
As you read the scroll of teleportation, it crumbles to dust.
You feel strangely unstable. The basilisk misses you.
The dream sheep are wreathed in dream dust.
You feel drowsy...
You fall asleep.
The dream sheep bites you!!
You die...

.....# ###.......#
...### ##.....## ...#
#.....#.# .#.##
###......## ##..##
###P.......## #...#
#.........#.# ###.##
##........### ##.###
##.....l....#
#...###....Y@Y....#
##.........YY....####
#................#.#
#..................#
#..................#
#..................##
#.#.................#
###...###...........##
###...###
###.........#


You could see a basilisk and 4 dream sheep.

Vanquished Creatures
  A minotaur (Gauntlet)
  A dire elephant (Lair:1)
  8 hydras
  3 two-headed ogres
  A centaur warrior (D:11)
  2 alligators (Lair:1)
  10 death yaks
  Urug (Lair:2)
  Sonja (Lair:1)
  An obsidian statue (D:9)
  An oklob plant (Gauntlet)
  An ugly thing (D:11)
  2 manticores (Lair:1)
  6 elephants
  4 black mambas
  Maurice (D:8)
  Joseph (D:10)
  An elephant (shapeshifter) (Gauntlet)
  An unseen horror (D:11)
  8 cane toads
  5 komodo dragons
  Psyche (D:8)
  3 hornets
  A polar bear (Lair:3)
  Prince Ribbit (D:8)
  2 trolls (D:9)
  A wolf spider simulacrum (Gauntlet)
  Grinder (D:3)
  A blink frog (Lair:3)
  3 shadows (D:11)
  28 yaks
  A centaur simulacrum (Gauntlet)
  A basilisk (Lair:2)
  Sigmund (D:2)
  A culicivora (shapeshifter) (Gauntlet)
  2 wyverns
  2 wraiths (D:9)
  A vampire (D:9)
  2 steam dragons
  A harpy simulacrum (Gauntlet)
  5 acid dragons
  22 water moccasins
  3 orc warriors
  4 black bears
  2 sky beasts
  5 wolves
  5 centaurs
  11 bullfrogs
  A necrophage (D:5)
  4 scorpions
  12 wights
  5 killer bees (D:9)
  4 electric eels
  6 howler monkeys
  3 hounds
  6 orc priests
  Crazy Yiuf (D:6)
  A gnoll bouda (D:6)
  2 iguanas
  Ijyb (D:3)
  Terence (D:3)
  Natasha (thrice) (D:2)
  10 orc wizards
  2 hell rats
  8 mummies (Ossuary)
  4 adders
  3 gnolls (D:6)
  2 river rats (D:10)
  A white imp (D:6)
  A worm (D:2)
  2 dart slugs
  37 orcs
  7 ball pythons
  5 bats
  9 endoplasms
  5 giant cockroaches
  A gnoll zombie (Ossuary)
  10 hobgoblins
  6 jackals
  3 kobolds
  8 quokkas
  A frilled lizard (D:1)
  6 goblins
  4 hobgoblin zombies (Ossuary)
  3 orc zombies (Ossuary)
  4 rats
363 creatures vanquished.

Vanquished Creatures (others)
  18 fungi
  36 plants
  5 withered plants (Gauntlet)
59 creatures vanquished.

Grand Total: 422 creatures vanquished

Notes
Turn   | Place    | Note
-------+----------+-------------------------------------------
     0 | D:1      | devnull the Merfolk Gladiator began the quest for the Orb.
     0 | D:1      | Reached XP level 1. HP: 16/16 MP: 1/1
   387 | D:1      | Reached XP level 2. HP: 22/22 MP: 2/2
   440 | D:1      | Reached skill level 5 in Polearms
   887 | D:1      | Reached XP level 3. HP: 27/27 MP: 3/3
  1401 | D:2      | Found a faded altar of an unknown god.
  1485 | D:2      | Noticed Sigmund
  1526 | D:2      | Killed Sigmund
  1527 | D:2      | Reached skill level 8 in Polearms
  1527 | D:2      | Reached XP level 4. HP: 4/33 MP: 4/4
  1527 | D:2      | Reached XP level 5. HP: 5/38 MP: 5/5
  1889 | D:2      | Noticed Natasha
  2032 | D:2      | Killed Natasha
  2493 | D:2      | Noticed Natasha
  2496 | D:2      | Killed Natasha
  2497 | D:2      | Reached XP level 6. HP: 44/44 MP: 6/6
  2514 | D:2      | Found a faded altar of an unknown god.
  2738 | D:2      | Noticed Natasha
  2741 | D:2      | Killed Natasha
  2779 | D:3      | Noticed Grinder
  2836 | D:3      | Reached skill level 9 in Polearms
  2953 | D:3      | You fall into a shaft and drop 2 floors!
  2953 | D:5      | Entered Level 5 of the Dungeon
  3011 | D:5      | Noticed a wyvern
  3011 | D:5      | Noticed a kobold demonologist
  3149 | D:4      | Noticed a black bear
  3150 | D:4      | Noticed a sky beast
  3156 | D:4      | Killed a black bear
  3166 | D:4      | Killed a sky beast
  3167 | D:4      | Reached skill level 10 in Polearms
  3167 | D:4      | Reached XP level 7. HP: 10/50 MP: 7/7
  3459 | D:3      | Paralysed by Grinder for 2 turns
  3646 | D:3      | Killed Grinder
  3769 | D:3      | Noticed Ijyb
  3799 | D:3      | Killed Ijyb
  3907 | D:3      | Noticed Terence
  3916 | D:3      | Killed Terence
  4505 | D:4      | Found a hazy altar of Hepliaklqana.
  4796 | D:5      | Reached XP level 8. HP: 56/56 MP: 8/8
  4997 | D:5      | Reached skill level 11 in Polearms
  5241 | D:5      | Found a broken altar of Ashenzari.
  5709 | D:5      | Found a sacrificial altar of Ru.
  6010 | D:6      | Reached skill level 12 in Polearms
  6069 | D:5      | HP: 2/56 [acid dragon/splash of acid (29)]
  6521 | D:6      | Identified the +5 ring mail of the Pits of Slime {Harm
                  | rElec Stlth+}
  6523 | D:6      | Found a sand-covered staircase.
  6528 | Ossuary  | Entered an ossuary
  6599 | Ossuary  | Reached skill level 13 in Polearms
  7199 | D:6      | Reached XP level 9. HP: 32/63 MP: 9/9
  7529 | D:6      | Found a staircase to the Ecumenical Temple.
  7538 | Temple   | Entered the Ecumenical Temple
  7799 | Temple   | Became a worshipper of Zin the Law-Giver
  7799 | Temple   | Reached * piety under Zin
  7799 | Temple   | Reached ** piety under Zin
  7914 | D:6      | Found a runed translucent door.
  7915 | D:6      | Noticed Crazy Yiuf
  7921 | D:6      | Killed Crazy Yiuf
  8128 | D:7      | Reached skill level 5 in Fighting
  8358 | D:7      | Reached skill level 1 in Invocations
  8936 | D:7      | Noticed a hornet
  8964 | D:7      | Killed a hornet
  8965 | D:7      | Reached skill level 5 in Invocations
  9324 | D:8      | Reached skill level 14 in Polearms
  9324 | D:8      | Reached XP level 10. HP: 67/77 MP: 13/13
  9330 | D:8      | Noticed Prince Ribbit
  9343 | D:8      | Killed Prince Ribbit
  9652 | D:8      | Noticed Maurice
  9700 | D:8      | Killed Maurice
  9887 | D:8      | Reached skill level 10 in Dodging
 10057 | D:8      | Noticed Psyche
 10070 | D:8      | Killed Psyche
 10304 | D:8      | Reached *** piety under Zin
 10548 | D:9      | Identified the +0 helmet "Joprivy" {rPois Dex+3}
 10727 | D:9      | Reached skill level 15 in Polearms
 11019 | D:9      | Noticed a two-headed ogre
 11026 | D:9      | Killed a two-headed ogre
 11027 | D:9      | Reached skill level 16 in Polearms
 11074 | D:9      | Reached XP level 11. HP: 72/83 MP: 14/14
 11276 | D:9      | Noticed an obsidian statue
 11291 | D:9      | Noticed a sixfirhy
 11307 | D:9      | Killed an obsidian statue
 11309 | D:9      | Identified the ring "Xateifrot" {rElec rN+ Int-3 Dex+6}
 11374 | D:10     | Entered Level 10 of the Dungeon
 11397 | D:10     | Noticed a two-headed ogre
 11413 | D:10     | Killed a two-headed ogre
 11562 | D:10     | Found a staircase to the Orcish Mines.
 11629 | D:10     | Reached **** piety under Zin
 11671 | D:10     | Noticed a death yak
 11671 | D:10     | Noticed a death yak
 11677 | D:10     | Noticed a death yak
 11718 | D:9      | Killed a death yak
 11751 | D:10     | Noticed Joseph
 11766 | D:10     | Killed Joseph
 11821 | D:10     | Found a staircase to the Lair.
 11935 | D:10     | Identified the +8 plate armour of the Vaults {Stlth+}
 12021 | D:9      | Killed a death yak
 12022 | D:9      | Reached skill level 10 in Invocations
 12075 | D:10     | Killed a death yak
 12343 | D:11     | Noticed a centaur warrior
 12348 | D:11     | Killed a centaur warrior
 12440 | D:11     | Reached XP level 12. HP: 68/94 MP: 19/19
 12506 | D:11     | Noticed a two-headed ogre
 12517 | D:11     | Killed a two-headed ogre
 12817 | D:11     | Noticed a five-headed hydra
 12824 | D:11     | Killed a five-headed hydra
 13466 | Lair:1   | Entered Level 1 of the Lair of Beasts
 13492 | Lair:1   | Noticed Sonja
 13493 | Lair:1   | Noticed a seven-headed hydra
 13502 | Lair:1   | Killed Sonja
 13595 | Lair:1   | Killed a seven-headed hydra
 13635 | Lair:1   | Found a gate leading to a gauntlet.
 13642 | Gauntlet | Entered a Gauntlet
 13642 | Gauntlet | Found a transporter.
 13642 | Gauntlet | Found a transporter.
 13649 | Gauntlet | Found a transporter.
 13663 | Gauntlet | Found a transporter.
 13679 | Gauntlet | Found a transporter.
 13692 | Gauntlet | Found a transporter.
 13708 | Gauntlet | Found a transporter.
 13769 | Gauntlet | Noticed a death scarab
 13774 | Gauntlet | Found a transporter.
 13789 | Gauntlet | Found a transporter.
 13795 | Gauntlet | Noticed a death scarab
 13803 | Gauntlet | Found a transporter.
 13816 | Gauntlet | Found a transporter.
 13818 | Gauntlet | Found a large runed translucent door.
 13818 | Gauntlet | Found a large runed translucent door.
 13819 | Gauntlet | Found a large runed translucent door.
 13819 | Gauntlet | Found a large runed translucent door.
 13820 | Gauntlet | Found a large runed translucent door.
 13820 | Gauntlet | Found a large runed translucent door.
 13820 | Gauntlet | Found a runed translucent door.
 13820 | Gauntlet | Found a runed translucent door.
 13820 | Gauntlet | Found a large runed translucent door.
 13821 | Gauntlet | Found a large runed translucent door.
 13828 | Gauntlet | Found a large runed translucent door.
 13828 | Gauntlet | Found a large runed translucent door.
 13829 | Gauntlet | Found a large runed translucent door.
 13829 | Gauntlet | Found a large runed translucent door.
 13830 | Gauntlet | Found a large runed translucent door.
 13830 | Gauntlet | Found a large runed translucent door.
 13894 | Gauntlet | Found a transporter.
 13904 | Gauntlet | Found a transporter.
 13910 | Gauntlet | Found a large runed translucent door.
 13911 | Gauntlet | Found a large runed translucent door.
 13912 | Gauntlet | Noticed a wretched star
 13913 | Gauntlet | Found a transporter.
 13914 | Gauntlet | Found a runed translucent gate.
 13915 | Gauntlet | Found a transporter.
 13915 | Gauntlet | Found a runed translucent gate.
 13916 | Gauntlet | Found a runed translucent gate.
 13953 | Gauntlet | Found a transporter.
 13959 | Gauntlet | Noticed a two-headed ogre
 13965 | Gauntlet | a two-headed ogre changed into an elephant
 14079 | Gauntlet | Identified the amulet "Qytaor" {Acrobat rF+ rC- rCorr
                  | Int+3}
 14392 | Gauntlet | Identified the -1 helmet of Guasocle {rF++ rN+}
 14462 | Gauntlet | Noticed a minotaur
 14483 | Gauntlet | Killed a minotaur
 14637 | Lair:1   | Reached skill level 17 in Polearms
 14685 | Lair:1   | Noticed a seven-headed hydra
 14699 | Lair:1   | Killed a seven-headed hydra
 14904 | Lair:1   | Noticed a dire elephant
 14906 | Lair:1   | Noticed a six-headed hydra
 14920 | Lair:1   | Killed a six-headed hydra
 15063 | Lair:1   | Reached XP level 13. HP: 93/101 MP: 21/21
 15115 | Lair:1   | Killed a dire elephant
 15145 | Lair:1   | Reached skill level 10 in Fighting
 15565 | Lair:2   | Reached ***** piety under Zin
 15678 | Lair:2   | Identified 3 scrolls of acquirement
 15679 | Lair:2   | Acquired the +2 hat of Dust Devil {Rampage rElec rC+}
 15694 | Lair:2   | Acquired a manual of Shields
 15704 | Lair:2   | Found a staircase to the Snake Pit.
 15718 | Lair:2   | Reached skill level 1 in Stealth
 16248 | Lair:2   | Noticed Urug
 16260 | Lair:2   | Killed Urug
 16526 | Lair:3   | Reached skill level 18 in Polearms
 16643 | Lair:3   | Found a staircase to the Shoals.
 16759 | Lair:3   | Found the +3 warlock's mirror {reflect}
 17064 | Lair:3   | Reached XP level 14. HP: 118/118 MP: 22/22
 17206 | Lair:3   | Reached skill level 19 in Polearms
 17223 | Lair:3   | Identified the +2 robe of Impressiveness {rCorr Int+3}
 18438 | Lair:5   | Entered Level 5 of the Lair of Beasts
 18439 | Lair:5   | Found the +4 moon troll leather armour {Spirit, Regen++
                  | MP+5}
 18581 | Lair:4   | Mangled by a dream sheep

Illustrated notes

Levels and vault maps discovered:
D:1:      grunt_arrival_crossed_arrows, layout_basic, chequers_arboretum,
          minmay_small_reverse_x
D:2:      layout_loops_ring, shapermc_ecumenical_altar_mp_ritualfount,
          nicolae_underground_beach, uniq_sigmund, uniq_natasha
D:3:      layout_basic, moated_statue, uniq_terence, uniq_grinder, uniq_ijyb
D:4:      layout_loops_ring, mainiacjoe_overflow_tiny_flanked
D:5:      layout_loops_ring, nicolae_ru_awakened_eye,
          ashenzari_conservatory_becter, lightli_corner_chamber
D:6:      layout_loops_ring, minmay_temple_entry_butterflies,
          nicolae_ossuary_entry_false_entrances, uniq_crazy_yiuf_cottage
D:7:      layout_basic, minivault_14
D:8:      layout_gridville, serial_glass, glass_columns_c, glass_columns_a,
          glass_columns_a, glass_columns_a, due_unseen_surprise,
          uniq_prince_ribbit1, uniq_psyche, uniq_maurice
D:9:      layout_rooms, minivault_15
D:10:     layout_cave_pools, dpeg_lair_monsters, david_orc_3, uniq_joseph
D:11:     layout_stronghold, kennysheep_nub
Temple:   compressed_dpeg_triangle_lava_temple
Lair:1:   layout_loops_ring, gauntlet_entry_generic, nicolae_lair_lakeside_cave,
          grunt_megastairs_3, uniq_sonja
Lair:2:   layout_loops_ring, minmay_snake_entry_six_corridors,
          chequers_serial_rivers_small_a, serial_bayou_shore_b, uniq_urug
Lair:3:   nzn_winding_woodlands_cross
          [nzn_winding_woodlands_5x15_river_crossing,
          nzn_winding_woodlands_5x15_zeroes, nzn_winding_woodlands_5x15_pockets,
          nzn_winding_woodlands_5x15_eye,
          nzn_winding_woodlands_15x15_boxy_spiral], layout_cave_pods,
          minmay_shoals_entry_centaurs
Lair:4:   layout_cave_pods, grunt_forest_small_clearing_treed,
          grunt_megastairs_5, lemuel_fruit_tree, serial_bayou_shore_b
Lair:5:   cheibrodos_lair_end_hotspot, layout_big_grid, slime_entry_1

Skill      XL: |  1  2  3  4  5  6  7  8  9 10 11 12 13 14 |
---------------+-------------------------------------------+-----
Polearms       | 5 8 10 13 14 16 17 18 19 | 19.9
Dodging        | 7 8 11 12 13 | 13.8
Fighting       | 3 6 8 9 13 | 13.0
Invocations    | 5 10 11 | 11.6
Stealth        | 2 |  2.2
Throwing       | |  2.0

Action                   |  1- 3 |  4- 6 |  7- 9 | 10-12 | 13-15 || total
-------------------------+-------+-------+-------+-------+-------++-------
Melee: Trident           |    79 |    60 |   370 |    71 |    34 ||   614
       Punch             |     1 |     2 |     4 |     4 |       ||    11
       Tailslap          |       |       |     1 |     4 |    15 ||    20
       Halberd           |       |       |       |   404 |   357 ||   761
Throw: Throwing net      |     4 |     2 |     4 |     3 |       ||    13
       Dart              |     4 |       |    20 |    16 |       ||    40
       Javelin           |       |       |    16 |     6 |       ||    22
Invok: Vitalisation      |       |       |     3 |    10 |     1 ||    14
       Recite            |       |       |     2 |    16 |       ||    18
Evoke: Wand              |       |       |     5 |     4 |       ||     9
       Phial of floods   |       |       |       |       |     1 ||     1
  Use: Scroll            |     6 |     3 |     8 |     8 |    10 ||    35
       Potion            |     1 |       |       |     3 |     1 ||     5
 Stab: Sleeping          |     5 |     2 |     1 |     5 |     2 ||    15
       Held in net/web   |       |     1 |     2 |       |       ||     3
       Distracted        |       |     1 |     1 |     4 |     3 ||     9
       Confused          |       |       |       |     1 |       ||     1
Armor: Leather armour    |     7 |     7 |    37 |       |       ||    51
       Skin              |     2 |       |       |       |       ||     2
       Robe              |       |       |     3 |    19 |       ||    22
       Troll leather arm |       |       |       |    66 |   139 ||   205
Dodge: Dodged            |    24 |    30 |   149 |   362 |   255 ||   820
